 Dungeon Crawl Stone Soup version 0.30.1-3-gfc49f6343a (webtiles) character file.

Game seed: 1420773615095908211

1457 Babbit the Cleaver (level 8, -13/106 HPs)
             Began as a Minotaur Fighter on Aug 8, 2023.
             Mangled by a gnoll
             ... wielding a +2 heavy halberd
              (14 damage)
             ... on level 5 of the Dungeon.
             The game lasted 00:16:57 (3720 turns).

Babbit the Cleaver (Minotaur Fighter)               Turns: 3720, Time: 00:16:57

Health: -13/106    AC: 32    Str: 23    XL:     8   Next: 47%
Magic:  1/7        EV:  2    Int:  5    God:
Gold:   232        SH:  5    Dex: 10    Spells: 7/7 levels left

rFire   . . .        (no weapon)
rCold   . . .        c - +0 buckler
rNeg    . . .        b - melded +0 scale mail
rPois   +            (helmet currently unavailable)
rElec   .            (cloak currently unavailable)
rCorr   .            n - melded +0 pair of gloves
SInv    +            q - melded +0 pair of boots
Will    .....        (no amulet)
Stlth   +            z - ring of the Tortoise {AC+8}
HPRegen 0.37/turn    C - ring of see invisible
MPRegen 0.10/turn

%: no passive effects
@: mighty, tree-form, hasted (expiring), very quick
A: stationary, stasis, torment immunity, boosted hp, (horns 2), (retaliatory
headbutt)
a: no special abilities


You were on level 5 of the Dungeon.
You were a tree.
You visited 1 branch of the dungeon, and saw 5 of its levels.

You collected 232 gold pieces.

Inventory:

Hand Weapons
 a - a +0 war axe
 l - the +5 short sword "Goblinbane" {flame, rCorr MP-9 Dex+8}
   (You found it on level 2 of the Dungeon)

   Dex:       It affects your dexterity (+8).
   MP:        It affects your magic capacity (-9).
   rCorr:     It protects you from acid and corrosion.
Missiles
 j - 5 javelins (quivered)
 r - 2 boomerangs
Armour
 b - a +0 scale mail (melded)
 c - a +0 buckler (worn)
 n - a +0 pair of gloves (melded)
 q - a +0 pair of boots (melded)
Jewellery
 z - the ring of the Tortoise (left branch) {AC+8}
   (You found it on level 4 of the Dungeon)

   [ring of protection]

   AC:        It affects your AC (+8).
 C - a ring of see invisible (right branch)
Wands
 B - a wand of flame (4)
Scrolls
 h - a scroll of identify
 i - 2 scrolls of immolation {unknown}
 m - 2 scrolls of teleportation {unknown}
 s - a scroll of enchant weapon {unknown}
 t - 2 scrolls of fog {unknown}
 u - a scroll of poison {unknown}
 x - a scroll of magic mapping {unknown}
 y - a scroll of fear {unknown}
 A - a scroll of brand weapon {unknown}
 E - a scroll of noise {unknown}
 F - a scroll of butterflies {unknown}
Potions
 e - 2 potions of curing
 f - 5 potions of lignification
 g - 2 potions of haste
 k - a potion of degeneration {unknown}
 o - 2 potions of attraction {unknown}
 p - a potion of invisibility {unknown}
 v - a potion of flight {unknown}
 w - a potion of heal wounds {unknown}


   Skills:
 + Level 6.4 Fighting
 - Level 1.0 Short Blades
 * Level 8.0 Axes
 + Level 2.3 Throwing
 + Level 6.6 Armour
 + Level 6.3 Shields


You had 7 spell levels left.
You didn't know any spells.
Your spell library contained the following spells:

 Spells                   Type           Power      Damage    Failure   Level
 Blink                    Tloc           0%         N/A       67%         2
 Volatile Blastmotes      Fire/Tloc      0%         2d10      88%         3
 Fulminant Prism          Conj/Hex       0%         3d5       99%         4
 Iskenderun's Mystic Bla  Conj/Tloc      0%         2d3       99%         4
 Manifold Assault         Tloc           0%         N/A       99%         4
 Lee's Rapid Deconstruct  Erth           0%         3d4*      100%        5
 Storm Form               Tmut/Air       0%         N/A       100%        7


Dungeon Overview and Level Annotations

Branches:
Dungeon (5/15)
 Temple: D:4-7

Altars:
Gozag
Makhleb
Vehumet

Shops:
D:4 :


Innate Abilities, Weirdness & Mutations

You are a tree.
Your roots penetrate the ground, keeping you stationary.
You cannot be teleported.
You are immune to unholy pain and torment.
Your maximum health is greatly increased.
Your equipment is partially melded.
((You have a pair of horns on your head.))
((You reflexively headbutt those who attack you in melee.))


Message History

Your Axes skill increases to level 8!
You struggle against the net.
The gnoll hits you but does no damage.
You struggle against the net.
You struggle against the net.
The gnoll hits you but does no damage.
You rip the net and break free!
You cannot move.
You cannot move.
You cannot move.
You cannot move.
You cannot move.
You cannot move.
You cannot move.
There are monsters nearby!
The gnoll hits you from afar with a +2 heavy halberd.
* * * LOW HITPOINT WARNING * * *
Unknown command.
The gnoll hits you but does no damage.
A gnoll comes into view. It is wielding a +0 club.
The gnoll shouts!
The gnoll hits you from afar with a +2 heavy halberd.
* * * LOW HITPOINT WARNING * * *
Unknown command.
You cannot move.
The gnoll hits you from afar with a +2 heavy halberd.
* * * LOW HITPOINT WARNING * * *
You cannot move.
The gnoll hits you from afar with a +2 heavy halberd!
* * * LOW HITPOINT WARNING * * *
You block the gnoll's attack.
You cannot move.
You cannot move.
You cannot move.
You cannot move.
You cannot move.
The gnoll hits you from afar with a +2 heavy halberd.
* * * LOW HITPOINT WARNING * * *
You cannot move.
Your extra speed is starting to run out.
The gnoll hits you from afar with a +2 heavy halberd!
You die...

### ..## #..## #... # .... .
##g#######.####.## ...#.
..ggsg)♣.......... ...#.
##.#######.......# ....
#....##........ ...#
#.#....#.......# .<.####..
#..............#.#
................#.#######....
...# #..##<##.# ####.####
...# ##.##.##.######..>....#
...# ##.##.##........##.##.#


You could see a scorpion and 4 gnolls.

Vanquished Creatures
  Sigmund (D:2)
  Edmund (D:4)
  2 black bears
  4 ogres
  A phantom (D:4)
  A gnoll sergeant (D:5)
  2 scorpions
  2 hounds (D:5)
  A jelly (D:4)
  An orc priest (D:4)
  Terence (D:2)
  Jessica (D:2)
  2 iguanas
  Robin (D:3)
  6 adders
  A shadow imp (D:5)
  An ufetubus (D:4)
  A worm (D:3)
  A dart slug (D:3)
  7 orcs
  7 bats
  5 endoplasms
  3 giant cockroaches
  19 goblins
  12 hobgoblins
  5 quokkas
  8 ball pythons
  2 frilled lizards
  6 kobolds
  4 rats
109 creatures vanquished.

Notes
Turn   | Place    | Note
-------+----------+-------------------------------------------
     0 | D:1      | Babbit the Minotaur Fighter began the quest for the Orb.
     0 | D:1      | Reached XP level 1. HP: 19/19 MP: 0/0
   213 | D:1      | Reached XP level 2. HP: 26/27 MP: 1/1
   543 | D:1      | Reached skill level 3 in Axes
   955 | D:2      | Found a burning altar of Makhleb.
  1010 | D:2      | Noticed Terence
  1019 | D:2      | Killed Terence
  1020 | D:2      | Reached XP level 3. HP: 27/33 MP: 2/2
  1232 | D:2      | Noticed Jessica
  1239 | D:2      | Killed Jessica
  1240 | D:2      | Reached skill level 4 in Axes
  1240 | D:2      | Reached XP level 4. HP: 36/40 MP: 3/3
  1302 | D:2      | Identified the +5 short sword "Goblinbane" {flame, rCorr
                  | MP-9 Dex+8}
  1371 | D:2      | Noticed Sigmund
  1383 | D:2      | Killed Sigmund
  1384 | D:2      | Reached skill level 1 in Short Blades
  1384 | D:2      | Reached XP level 5. HP: 44/47 MP: 0/4
  1435 | D:2      | Reached skill level 5 in Axes
  1481 | D:3      | Reached skill level 5 in Armour
  1545 | D:3      | Reached XP level 6. HP: 53/53 MP: 0/5
  1636 | D:3      | Found an opulent altar of Gozag.
  1733 | D:3      | Noticed Robin
  1754 | D:3      | Killed Robin
  2354 | D:4      | Found the ring of the Tortoise {AC+8}
  2379 | D:4      | Reached skill level 5 in Fighting
  2379 | D:4      | Reached skill level 5 in Shields
  2422 | D:4      | Found Zamaxke's Book Shop.
  2428 | D:4      | Reached skill level 6 in Axes
  2428 | D:4      | Reached XP level 7. HP: 61/61 MP: 0/6
  2498 | D:4      | Noticed Edmund
  2515 | D:4      | Killed Edmund
  3078 | D:4      | Reached skill level 7 in Axes
  3212 | D:5      | Entered Level 5 of the Dungeon
  3223 | D:5      | Reached skill level 1 in Throwing
  3321 | D:5      | Reached XP level 8. HP: 52/70 MP: 0/7
  3534 | D:5      | Found a radiant altar of Vehumet.
  3700 | D:5      | Reached skill level 8 in Axes
  3713 | D:5      | HP: 1/106 [gnoll/+2 heavy halberd (11)]
  3718 | D:5      | HP: 1/106 [gnoll/+2 heavy halberd (1)]
  3720 | D:5      | Mangled by a gnoll

Illustrated notes

Levels and vault maps discovered:
D:1:      kennysheep_arrival_seaside, layout_loops_ring,
          chequers_serial_rivers_marsh, serial_bayou_lagoon_a, minivault_25,
          hangedman_decor_push, serial_park_tiny_pond, eino_curves_01
D:2:      layout_basic, basic_altar, uniq_jessica, uniq_sigmund, uniq_terence
D:3:      layout_loops_ring, mainiacjoe_overflow_concentric_impassable,
          minmay_vboxes, uniq_robin
D:4:      layout_basic, serial_shops, nicolae_shop_tiny_real_fake_doors,
          minivault_24, uniq_edmund
D:5:      layout_loops_cross, dk_yredelemnul_ordeal,
          mainiacjoe_overflow_catwalk, minmay_manual_monstrance, uniq_ijyb

Skill      XL: |  1  2  3  4  5  6  7  8 |
---------------+-------------------------+-----
Axes           | 3 4 5 6 7 8 |  8.0
Fighting       | 4 5 6 |  6.4
Armour         | 4 5 6 |  6.6
Shields        | 4 5 6 |  6.3
Short Blades   | 1 |  1.0
Throwing       | 1 2 |  2.3

Action                     |  1- 3 |  4- 6 |  7- 9 || total
---------------------------+-------+-------+-------++-------
  Melee: War axe           |    58 |       |       ||    58
         Headbutt          |     9 |    14 |    25 ||    48
         Short sword       |       |    98 |   123 ||   221
         Unarmed           |       |       |     6 ||     6
    Use: Scroll            |       |     4 |       ||     4
         Potion            |       |       |     3 ||     3
 Armour: Scale mail        |    23 |    46 |    41 ||   110
         Skin              |       |       |     7 ||     7
  Dodge: Dodged            |    25 |    34 |    41 ||   100
  Block: Buckler           |     8 |    26 |    25 ||    59
